 Dungeon Crawl Stone Soup version 0.28-a0-422-gd71735cc25 (webtiles) character file.

Game seed: 2548947568544032498

233 avis the Insei (level 6, 0/43 HPs)
             Began as a Djinni Warper on Sept 9, 2021.
             Slain by an orc priest (1 damage)
             ... on level 4 of the Dungeon.
             The game lasted 00:18:59 (3822 turns).

avis the Insei (Djinni Warper)                      Turns: 3822, Time: 00:18:59

Health: 0/43       AC:  6    Str: 12    XL:     6   Next: 25%
Gold:   89         EV: 12    Int: 15    God:
                   SH:  0    Dex: 12

rFire   + + +      SeeInvis .     - Unarmed
rCold   x . .      Faith    .   (no shield)
rNeg    . . .      Spirit   .   n - +2 robe {rF+}
rPois   ∞          Reflect  .   e - +0 helmet
rElec   .          Harm     .   (no cloak)
rCorr   .          Rampage  .   a - +0 pair of gloves
Will    .....                   (boots unavailable)
Stlth   +.........              (no amulet)
HPRegen 0.14/turn               (no ring)
MPRegen 0.00/turn               (no ring)

@: flying, very slightly contaminated
A: sickness immunity, fire resistance 2, cold vulnerability 1, float, innate
caster, hp casting, extra vitality 1
a: no special abilities


You were on level 4 of the Dungeon.
You visited 1 branch of the dungeon, and saw 4 of its levels.

You collected 89 gold pieces.

Inventory:

Hand Weapons
 j - a +1 dagger of draining
 o - a +0 hunting sling
Missiles
 c - 5 boomerangs of dispersal (quivered)
 d - 33 arrows
 f - 17 sling bullets
 h - 83 stones
 l - 17 poisoned darts
Armour
 a - a +0 pair of gloves (worn)
 e - a +0 helmet (worn)
 n - a +2 robe of fire resistance (worn)
Scrolls
 b - 3 scrolls of blinking
 i - a scroll of noise {unknown}
 k - 4 scrolls of magic mapping {unknown}
 m - a scroll of identify {unknown}
Potions
 g - a potion of flight {unknown}
 p - a potion of magic {unknown}
 q - a potion of attraction {unknown}


   Skills:
 - Level 2.0 Fighting
 - Level 0.7 Throwing
 - Level 1.0 Armour
 - Level 2.1 Dodging
 * Level 5.6 Unarmed Combat
 - Level 3.0 Spellcasting


You couldn't memorise any spells.
You knew the following spells:

 Your Spells              Type           Power      Damage    Failure   Level
a - Foxfire               Conj/Fire      44%        2x1d6     6%          1
b - Blink                 Tloc           N/A        N/A       9%          2
c - Passwall              Tmut/Erth      9%         N/A       9%          2
g - Gell's Gravitas       Tloc           5%         N/A       17%         3
l - Lesser Beckoning      Tloc           11%        N/A       17%         3
o - Teleport Other        Tloc           11%        N/A       17%         3
A - Manifold Assault      Tloc           11%        N/A       85%         5
Your spell library was empty.

Dungeon Overview and Level Annotations

Branches:
Dungeon (4/15)
 Temple: D:4-7

Altars:
Hepliaklqana

Shops:
D:2 (((


Innate Abilities, Weirdness & Mutations

You are immune to sickness and miasma.
You are immune to poison.
Your flesh is very heat resistant. (rF++)
You are vulnerable to cold. (rC-)
You float through the air rather than walking.
You learn spells naturally, not from books.
Your magical power is your life essence.
You have superior vitality. (+4 HP)


Message History

The puff of flame hits you but does no damage.
You resist.
Your foxfire dissipates!
The foxfire hits the orc priest but does no damage.
The orc priest is almost dead.
The orc priest closely misses you.
Casting: Foxfire (safe; 6% risk of failure)
Confirm with . or Enter, or press ? or * to list all spells.
You conjure some foxfire!
The orc priest closely misses you.
The foxfire hits the orc priest but does no damage.
The orc priest is almost dead.
The foxfire hits the orc priest but does no damage.
The orc priest is almost dead.
Casting: Foxfire (safe; 6% risk of failure)
Confirm with . or Enter, or press ? or * to list all spells.
You miscast Foxfire.
You are very lightly contaminated with residual magic.
Nothing appears to happen.
The orc priest invokes the aid of Beogh against you.
Beogh smites you!
* * * LOW HITPOINT WARNING * * *
Casting: Foxfire (safe; 6% risk of failure)
Confirm with . or Enter, or press ? or * to list all spells.
You conjure some foxfire!
* * * LOW HITPOINT WARNING * * *
The orc wizard casts a spell.
The orc wizard flickers and vanishes!
Deactivating autopickup; reactivate with Ctrl-A.
The foxfire hits the orc.
The orc is moderately wounded.
Your foxfire dissipates!
The orc priest hits you with a +0 flail.
* * * LOW HITPOINT WARNING * * *
Casting: Foxfire (safe; 6% risk of failure)
Confirm with . or Enter, or press ? or * to list all spells.
You don't have enough health to cast this spell.
You hit the orc priest but do no damage.
The orc priest is almost dead.
The orc priest hits you with a +0 flail.
You die...

####.#.#.# #...#.#
#########.#
#.........#
#.######### #.#
###.# #
#.#.#########.#
#.....@.o...#.#
#.#....oo.....#
###.########....####
#...................
######....##..[.....
#....##........
#....#.........
#....#.........
######.........


You could see an orc priest and 2 orcs.

Vanquished Creatures
  A phantom (D:4)
  An orc priest (D:3)
  6 adders
  7 orcs (D:3)
  6 ball pythons
  7 endoplasms
  A giant cockroach (D:2)
  14 goblins
  6 hobgoblins
  2 quokkas (D:1)
  3 bats
  4 frilled lizards
  5 kobolds
  5 rats
68 creatures vanquished.

Vanquished Creatures (others)
  119 foxfires
119 creatures vanquished.

Grand Total: 187 creatures vanquished

Notes
Turn   | Place    | Note
-------+----------+-------------------------------------------
     0 | D:1      | avis the Djinni Warper began the quest for the Orb.
     0 | D:1      | Reached XP level 1. HP: 18/18 MP: 0/0
   475 | D:1      | Reached XP level 2. HP: 18/23 MP: 0/0
   714 | D:1      | Reached skill level 3 in Unarmed Combat
  1136 | D:1      | Reached XP level 3. HP: 21/28 MP: 0/0
  1136 | D:1      | Learned a level 1 spell: Foxfire
  1858 | D:2      | Reached skill level 4 in Unarmed Combat
  1858 | D:2      | Reached XP level 4. HP: 33/33 MP: 0/0
  1973 | D:2      | Found a hazy altar of Hepliaklqana.
  2006 | D:2      | Found Fuidd's Antique Weapon Boutique.
  2011 | D:2      | Found a faded altar of an unknown god.
  2085 | D:2      | Found Gueg's Weapon Shoppe.
  2111 | D:2      | Found Hagaj's Antique Weapon Shoppe.
  2575 | D:3      | Reached XP level 5. HP: 4/38 MP: 0/0
  2575 | D:3      | Learned a level 2 spell: Passwall
  3675 | D:4      | Reached skill level 5 in Unarmed Combat
  3727 | D:4      | Noticed a phantom
  3736 | D:4      | Killed a phantom
  3737 | D:4      | Reached XP level 6. HP: 27/43 MP: 0/0
  3821 | D:4      | HP: 1/43 [orc priest (4)]
  3822 | D:4      | Slain by an orc priest

Illustrated notes

Levels and vault maps discovered:
D:1:      dpeg_arrival_arbitrary_c, layout_loops_ring
D:2:      layout_basic, serial_shops, shop, nicolae_shop_overgrown_old_shop,
          shop, basic_altar, ebering_ecumenical_altar_mist
D:3:      kennysheep_the_goblin_king, layout_basic, minmay_stone_trees_small
D:4:      layout_basic

Skill      XL: |  1  2  3  4  5 |
---------------+----------------+-----
Unarmed Combat | 3 4 5 |  5.6
Spellcasting   | 3 |  3.0
Fighting       | |  2.0
Throwing       | |  0.7
Armour         | |  1.0
Dodging        | |  2.1

Action                   |  1- 3 |  4- 6 || total
-------------------------+-------+-------++-------
Melee: Unarmed           |   126 |    30 ||   156
       Punch             |     2 |       ||     2
 Cast: Foxfire           |       |    73 ||    73
 Stab: Sleeping          |     1 |     1 ||     2
Armor: Leather armour    |    25 |     8 ||    33
       Robe              |       |     8 ||     8
Dodge: Dodged            |    64 |    24 ||    88

Table legend: (Time is in decaauts)
 A = Elapsed time spent in this place.
 B = Non-inter-level travel time spent in this place.
 C = Inter-level travel time spent in this place.
 D = Time resting spent in this place.
 E = Time spent auto-exploring this place.
 F = Levels seen in this place.
 G = Mean time per level.
                   A        B        C        D        E       F      G
               +--------+--------+--------+--------+--------+-----+--------+
         Total |   3817 |   3530 |    287 |   1462 |   1261 |   4 |  954.2 |
       Dungeon |   3817 |   3530 |    287 |   1462 |   1261 |   4 |  954.2 |
               +--------+--------+--------+--------+--------+-----+--------+

Top non-repeatable levels by time:
     D:1: 1644 daAuts
     D:2: 1060 daAuts
     D:3: 888 daAuts
     D:4: 224 daAuts
